 Dungeon Crawl Stone Soup version 0.31.0-12-g77e489cdc1 (webtiles) character file.

Game seed: 8364137610991285803

1105 cdecastro the Grappler (level 8, 0/59 HPs)
             Began as a Red Draconian Shapeshifter on Feb 16, 2024.
             Was a Follower of Nemelex Xobeh.
             Succumbed to a kobold's poison
             ... on level 6 of the Dungeon.
             The game lasted 00:08:13 (4921 turns).

cdecastro the Grappler (Red Draconian Shapeshifter) Turns: 4921, Time: 00:08:13

Health: 0/59       AC:  6    Str: 16    XL:     8   Next: 11%
Magic:  8/8        EV: 12    Int: 11    God:    Nemelex Xobeh [*.....]
Gold:   255        SH:  0    Dex: 13    Spells: 7/7 levels left

rFire   + .          .
                       - Unarmed
rCold   + . .        (no shield)
rNeg    . . .        (body armour unavailable)
rPois   .            (helmet currently unavailable)
rElec   .            (cloak currently unavailable)
rCorr   .            (gloves currently unavailable)
SInv    .            (boots currently unavailable)
Will    .....        (no amulet)
Stlth   +            a - ring of protection from cold
HPRegen 0.29/turn    (no ring)
MPRegen 0.11/turn

%: no passive effects
@: lethally poisoned (0 -> -4), short of breath, beast-form
A: beast (slay +3), breathe fire, AC +6, unfitting armour, fire resistance 1,
cold-blooded
a: Breathe Fire, Begin Untransformation, Renounce Religion, Draw Escape, Draw
Destruction, Draw Summoning


You were on level 6 of the Dungeon.
You worshipped Nemelex Xobeh.
Nemelex Xobeh was aware of your devotion.
You were a hulking beast.
You visited 2 branches of the dungeon, and saw 7 of its levels.

You collected 255 gold pieces.

Inventory:

Jewellery
 a - a ring of protection from cold (left hand)
Talismans
 b - a beast talisman
 c - a flux talisman
 j - a dragon-blood talisman
Wands
 i - a wand of roots (8)
 o - a wand of paralysis (5)
Scrolls
 d - a scroll of enchant armour {unknown}
 e - 4 scrolls of identify
 f - a scroll of torment {unknown}
 h - a scroll of fog {unknown}
 k - a scroll of poison {unknown}
 l - a scroll of blinking {unknown}
 m - a scroll of teleportation {unknown}
 n - 2 scrolls of noise


   Skills:
 - Level 1.1 Fighting
 - Level 1.7 Dodging
 * Level 8.3 Unarmed Combat
 + Level 5.9 Shapeshifting


You had 7 spell levels left.
You didn't know any spells.
Your spell library contained the following spells:

 Spells                   Type           Power      Damage    Failure   Level
 Vhi's Electric Charge    Tloc/Air       0%         N/A       98%         4
 Arcjolt                  Conj/Air       0%         1d10      100%        5
 Plasma Beam              Fire/Air       0%         2x1d10    100%        6


Dungeon Overview and Level Annotations

Branches:
Dungeon (6/15)             Temple (1/1) D:4

Altars:
Ashenzari
Cheibriados
Dithmenos
Elyvilon
Fedhas
Hepliaklqana
Kikubaaqudgha
Nemelex Xobeh
Okawaru
Qazlal
Ru
Sif Muna
Trog
Uskayaw
Vehumet
Wu Jian
Xom
Zin

Shops:
D:1 =   D:5 (


Innate Abilities, Weirdness & Mutations

You are a hulking beast.
Your limbs bulge with bestial killing power. (Slay +3)
You can breathe blasts of fire.
Your fiery red scales are hard. (AC +6)
You cannot fit into any form of body armour.
Your flesh is heat resistant. (rF+)
You are cold-blooded and may be slowed by cold attacks.


Message History

You kill the kobold!
The gnoll is struck by twisting air.
The gnoll sergeant is blasted with air!
You feel a surge of magic.
You feel very sick.
The gnoll hits you from afar with a +0 halberd!
* * * LOW HITPOINT WARNING * * *
The gnoll sergeant closely misses you.
Unknown command.
Unknown command.
Unknown command.
Unknown command.
You aren't carrying any potions.
You draw a card...
You have drawn Degeneration.
The gnoll evaporates and reforms as a quokka!
The quokka twists and deforms.
The gnoll evaporates and reforms as a giant cockroach!
The giant cockroach twists and deforms.
The gnoll sergeant evaporates and reforms as a frilled lizard!
The frilled lizard twists and deforms.
* * * LOW HITPOINT WARNING * * *
You feel very sick.
The quokka bites you but does no damage.
Unknown command.
Unknown command.
Unknown command.
Okay, then.
Unknown command.
Aiming: Breathe Fire (4% risk of failure)
Press: ? - help, Shift-Dir - straight line, f - quokka
Aim: a quokka (moderately wounded, misshapen and mutated, 56% to hit)
You breathe a blast of fire.
The fiery breath hits the quokka!
You kill the quokka!
* * * LOW HITPOINT WARNING * * *
You feel sick.
* * * LOW HITPOINT WARNING * * *
You feel sick.
You draw a card...
You have drawn the Illusion.
Suddenly you stand beside yourself.
You die...
Your body disappears without a glow.

#.........#.........#.....
###.....#..................
.....##.#.#................
..........#................
....................)......
................))B.##...
...............)l§##.g.....
...............).## ......S
................h# ......l
...............@## .......
.#.##...........# .......
.######........### #......
...###............. ......
...................
...................
...................
#..........##......


You could see a giant cockroach (misshapen, ally target), a frilled lizard
(misshapen) and the friendly cdecastro's illusion (summoned, very poisoned).

Vanquished Creatures
  Grinder (D:3)
  An ogre (D:5)
  A black bear (D:6)
  2 centaurs (D:5)
  A kobold brigand (D:6)
  A bullfrog (D:5)
  A scorpion (D:6)
  2 bombardier beetles (D:5)
  A sleepcap (D:5)
  2 iguanas (D:5)
  8 adders
  5 gnolls
  A white imp (D:5)
  6 dart slugs
  15 orcs
  4 ball pythons
  4 endoplasms
  2 giant cockroaches
  7 hobgoblins
  4 kobolds
  2 quokkas
  A bat (D:1)
  4 frilled lizards
  9 goblins
  3 rats
88 creatures vanquished.

Vanquished Creatures (others)
  A gnoll (D:6)
1 creature vanquished.

Grand Total: 89 creatures vanquished

Notes
Turn   | Place    | Note
-------+----------+-------------------------------------------
     0 | D:1      | cdecastro the Draconian Shapeshifter began the quest for
                  | the Orb.
     0 | D:1      | Reached XP level 1. HP: 16/16 MP: 1/1
    53 | D:1      | Found Heklo's Jewellery Shoppe.
   116 | D:1      | Reached XP level 2. HP: 23/23 MP: 2/2
   290 | D:1      | Reached XP level 3. HP: 24/28 MP: 3/3
   539 | D:2      | Reached skill level 4 in Unarmed Combat
  2062 | D:3      | Reached XP level 4. HP: 32/35 MP: 4/4
  2076 | D:3      | Noticed Grinder
  2092 | D:3      | Killed Grinder
  2093 | D:3      | Reached skill level 5 in Unarmed Combat
  2093 | D:3      | Reached XP level 5. HP: 40/40 MP: 5/5
  2093 | D:3      | Reached XP level 6. HP: 47/47 MP: 6/6
  2352 | D:4      | Found a staircase to the Ecumenical Temple.
  2438 | Temple   | Found a transporter.
  2438 | Temple   | Found a transporter.
  2438 | Temple   | Found a transporter.
  2438 | Temple   | Found a transporter.
  2438 | Temple   | Entered the Ecumenical Temple
  2450 | Temple   | Became a worshipper of Nemelex Xobeh the Trickster
  2858 | D:4      | Reached skill level 6 in Unarmed Combat
  3244 | D:5      | Entered Level 5 of the Dungeon
  3263 | D:5      | Found Muskoi's Weapon Shop.
  3646 | D:5      | Reached skill level 5 in Shapeshifting
  3646 | D:5      | Your scales start taking on a fiery red colour.
  3646 | D:5      | Reached XP level 7. HP: 50/52 MP: 7/7
  3646 | D:5      | Gained mutation: Your flesh is heat resistant. (rF+) [Red
                  | Draconian growth]
  3720 | D:5      | Reached skill level 7 in Unarmed Combat
  3815 | D:5      | Found a blossoming altar of Fedhas.
  4266 | D:5      | Reached * piety under Nemelex Xobeh
  4694 | D:6      | Reached skill level 8 in Unarmed Combat
  4821 | D:6      | Reached XP level 8. HP: 47/59 MP: 8/8
  4889 | D:6      | Received a gift from Nemelex Xobeh
  4919 | D:6      | HP: 2/59 [poisoned by a kobold]
  4921 | D:6      | Succumbed to a kobold's poison

Illustrated notes

Levels and vault maps discovered:
D:1:      roderic_crossed_star, layout_rooms, serial_shops,
          nicolae_shop_getting_attention, minmay_pentomino_x2
D:2:      layout_basic, serial_co_window_serial, co_window_of_opportunity_a,
          co_window_corner_a, co_window_paths_a, co_window_cross_1,
          co_window_cross_1, co_window_corner_a, co_window_of_opportunity_a,
          co_window_2corner, co_window_unsneaky_path_b, co_window_cross_2,
          co_window_corner_ca, co_window_cross_3, co_window_sun,
          glass_columns_a, glass_columns_c, glass_columns_a
D:3:      layout_basic, uniq_grinder
D:4:      layout_basic, minmay_temple_entry_waves
D:5:      nicolae_cairo_tiling_very_big, layout_loops_ring,
          general_overflow_altar, serial_shops, shop
D:6:      layout_cave_pools, grunt_temple_overflow_diamond, dk_noncrumbling_3
Temple:   hellmonk_temple_divided_pantheon

Skill      XL: |  1  2  3  4  5  6  7 |
---------------+----------------------+-----
Unarmed Combat | 4 5 6 8 |  8.3
Shapeshifting  | 4 5 |  5.9
Fighting       | |  1.1
Dodging        | |  1.7

Action                     |  1- 3 |  4- 6 |  7- 9 || total
---------------------------+-------+-------+-------++-------
  Melee: Unarmed           |    75 |    67 |    60 ||   202
         Tailslap          |     7 |     8 |    11 ||    26
         Punch             |     1 |     4 |     2 ||     7
 Invoke: Draw Destruction  |       |       |     3 ||     3
         Draw Escape       |       |       |     2 ||     2
         Draw Summoning    |       |       |     1 ||     1
Ability: Breathe Fire      |       |       |     6 ||     6
  Evoke: Wand              |       |     2 |       ||     2
    Use: Potion            |       |     1 |     2 ||     3
         Scroll            |       |       |     1 ||     1
   Stab: Sleeping          |       |     1 |       ||     1
 Armour: Skin              |    27 |    33 |    69 ||   129
  Dodge: Dodged            |    33 |    37 |    64 ||   134
